Cogmind - Beta 15 *** ADVENTURER MODE // 2025.09.15 @ 16:29:51 Player: Jeff234 Result: Destroyed by Y-45 Defender with Beam Rifle Performance ------------- Evolutions (1) 500 Regions Visited (2) 400 Robots Destroyed (21) 105 Value Destroyed (426) 426 Prototype IDs (0) 0 Alien Tech Used (0) 0 Bonus (0) 0 TOTAL SCORE: 1431 Bonus ------- None Cogmind --------- Core Integrity 0/400 Matter 225/300 Energy 100/100 System Corruption 0% Temperature Cool (9) Movement Core (400) Ox7 Location -9/Materials Parts ------- > --- POWER (1) -------- (None) > --- PROPULSION (2) --- (None) > --- UTILITY (4) ------ Large Storage Unit Salvage Targeting Computer > --- WEAPON (2) ------- Flail > --- INVENTORY (15) --- Light Ion Engine Heat Sink Small Storage Unit Power Shielding Improved Weapon Shielding Improved Weapon Shielding EMP Blaster EMP Blaster Missile Launcher Flail Peak State ------------ > --- POWER ------------ Ion Engine > --- PROPULSION ------- Improved Hover Unit Improved Hover Unit > --- UTILITY ---------- Heat Sink Large Storage Unit Power Shielding Improved Weapon Shielding > --- WEAPON ----------- Assault Rifle Flail > --- INVENTORY -------- Flight Unit Heat Sink Small Storage Unit Improved Weapon Shielding Improved Weapon Shielding Missile Launcher Missile Launcher Missile Launcher Flail [Rating: 16] Favorites ----------- Power Light Ion Engine Engine Light Ion Engine Propulsion Flight Unit Treads Light Treads Hover Unit Improved Hover Unit Flight Unit Flight Unit Utility Large Storage Unit Device Heat Sink Storage Large Storage Unit Processor Salvage Targeting Computer Protection Power Shielding Weapon Flail Energy Gun EM Pulse Gun Ballistic Gun Assault Rifle Launcher Missile Launcher Impact Weapon Flail Build | -11 -10 -9 ------- Run | Yrd Mat Mat Slots Evolved 2 | . . 2 Power . | . . . Propulsion . | . . . Utility 2 | . . 2 Weapon . | . . . Parts Attached 22 | 6 5 11 Power 3 | 1 . 2 Engine 3 | 1 . 2 Core . | . . . Reactor . | . . . Propulsion 7 | 2 3 2 Treads 2 | 2 . . Leg . | . . . Wheel . | . . . Hover 2 | . 2 . Flight 3 | . 1 2 Utility 7 | 1 1 5 Device 2 | . . 2 Storage 2 | 1 . 1 Processor 1 | . . 1 Hackware . | . . . Protection 2 | . 1 1 Artifact . | . . . Weapon 5 | 2 1 2 Energy Gun 1 | 1 . . Energy Cannon . | . . . Ballistic Gun 1 | 1 . . Ballistic Cannon . | . . . Launcher 2 | . . 2 Special Weapon . | . . . Impact Weapon 1 | . 1 . Slashing Weapon . | . . . Piercing Weapon . | . . . Special Melee Weapon . | . . . Unidentified Prototypes . | . . . Parts Lost 14 | . 3 11 Power 3 | . 1 2 Propulsion 5 | . 1 4 Utility 2 | . . 2 Weapon 4 | . 1 3 Highest Loss Streak 3 | . 3 3 To Critical Strikes . | . . . Average Backups 6 | . 2 8 Power . | . . . Propulsion . | . . . Utility 3 | . 1 4 Weapon 2 | . . 3 Tool/Special . | . . . Unused Backups 7 | . . 7 Power 1 | . . 1 Propulsion . | . . . Utility 2 | . . 2 Weapon 4 | . . 4 Tool/Special . | . . . Average Slot Usage (%) 80 | . 90 77 Engine 9 | . 12 8 Treads 4 | . 16 . Hover 2 | . . 2 Flight 6 | . 5 6 Device 6 | . . 9 Storage 11 | . 14 11 Processor 3 | . . 4 Protection 14 | . 12 15 Energy Gun 3 | . 12 . Ballistic Gun 4 | . 14 1 Launcher 5 | . . 7 Impact Weapon 8 | . . 11 Peak Build Rating 16 | 6 9 16 Average Rating 11 | 4 6 12 On Entrance 5 | . 6 9 Naked Turns . | . . . Heaviest Build 35 | 12 13 35 Greatest Support 40 | 40 40 14 Greatest Overweight (x) 11 | 3 3 11 Average Overweight (x) 3 | . . 5 Largest Inventory Capacity 15 | 8 8 15 Average Capacity 12 | 7 8 14 Most Carried 12 | . 5 12 Average Carried 6 | . 2 8 Final Capacity 15 | 8 8 15 Final Carried 10 | . 5 10 Class Distribution -------------------- 100% | Mutant Dominant Class ---------------- Mutant | -10/Materials Mutant | -9/Materials Resources | -11 -10 -9 ----------- Run | Yrd Mat Mat Matter Collected 481 | 237 55 189 Remotely . | . . . Salvage Created 549 | . 158 391 Parts 24 | . 8 16 Haulers Intercepted . | . . . Recyclers Shooed . | . . . Parts Field Recycled . | . . . Retrieved Matter . | . . . Parts Self-Destructed . | . . . Prevented . | . . . Kills | -11 -10 -9 ------- Run | Yrd Mat Mat Combat Hostiles Destroyed 16 | . 3 13 Melee 4 | . . 4 Guns 9 | . 3 6 AOE 2 | . . 2 Classes Destroyed 8 | . 1 7 Worker 1 | . . 1 Tunneler 2 | . . 2 Recycler 1 | . . 1 Operator 1 | . . 1 Swarmer 8 | . . 8 Grunt 6 | . 3 3 Duelist 1 | . . 1 Sentry 1 | . . 1 Best Kill Streak 5 | . 2 5 Combat Bots Only 5 | . 2 5 Max Kills in Single Turn 2 | . 1 2 Gunslinging . | . . . Exploded 1 | . . 1 Melee 1 | . . 1 Uniques/NPCs Destroyed . | . . . Combat | -11 -10 -9 -------- Run | Yrd Mat Mat Hostile Shots Fired 235 | . 48 187 Missed 64 | . 13 51 Hits 171 | . 35 136 Melee 2 | . . 2 Projectile 169 | . 35 134 Critical Strikes 2 | . 1 1 Damage Taken 1667 | . 401 1266 Core 572 | . 163 409 Absorbed by Shields . | . . . Redirected to Shielding 142 | . 16 126 Ignored by Resistances 503 | . 121 382 Core Remaining (%) 67 | 100 34 . Volleys Fired 35 | . 10 25 Largest 2 | . 2 1 Hottest 60 | . 60 36 Shots Fired 41 | . 16 25 Gun 33 | . 16 17 Cannon . | . . . Launcher 8 | . . 8 Special . | . . . Kinetic 27 | . 10 17 Thermal . | . . . Explosive 8 | . . 8 Electromagnetic 6 | . 6 . Robot Hit Streak 7 | . 6 7 Robot Miss Streak 1 | . 1 1 Penetration Max . | . . . Secondary Targets . | . . . Shots Hit Robots 44 | . 13 31 Core Hits 20 | . 7 13 Critical Kills 1 | . 1 . Critical Parts Destroyed 2 | . . 2 Critical Strikes 3 | . 1 2 Destroy 1 | . 1 . Smash 2 | . . 2 Melee Attacks 13 | . . 13 Impact 13 | . . 13 Slashing . | . . . Piercing . | . . . Sneak Attacks 4 | . . 4 Combat Hostiles . | . . . Follow-up Attacks . | . . . Damage Inflicted 1194 | . 233 961 Guns 364 | . 205 159 Cannons . | . . . Explosions 221 | . 24 197 Melee 605 | . . 605 Ramming 4 | . 4 . Kinetic 269 | . 110 159 Thermal 24 | . 24 . Explosive 197 | . . 197 Electromagnetic 95 | . 95 . Impact 605 | . . 605 Slashing . | . . . Piercing . | . . . Highest Corruption . | . . . Average Corruption . | . . . Corruption Purged . | . . . Corruption Blocked . | . . . Overload Shots . | . . . Overflow Damage 362 | . . 362 Projectiles 37 | . . 37 Explosions . | . . . Melee 325 | . . 325 Knockbacks 7 | . . 7 Impact 5 | . . 5 Kinetic . | . . . Secondary 2 | . . 2 Self-Inflicted Damage 88 | . 29 59 Shots 3 | . 1 2 Rammed 1 | . 1 . Targets Rammed 1 | . 1 . Kicked . | . . . Crushed . | . . . Highest Temperature 72 | . 72 17 Average Temperature 34 | . 35 17 Received Heat Transfer 696 | . 291 405 Siege Activations . | . . . Martial Activations . | . . . Shielding Activations . | . . . Robots Disrupted . | . . . Combat Hostiles . | . . . Robots Corrupted 6 | . . 6 Combat Hostiles 1 | . . 1 Parts Fried 9 | . . 9 Impact Corruptions 10 | . . 10 Robots Melted . | . . . Combat Hostiles . | . . . Parts Melted . | . . . Heat Transferred 50 | . 50 . Parts Sabotaged . | . . . Parts Stolen . | . . . Parts Stripped . | . . . Power Chain Reactions 1 | . 1 . Alert | -11 -10 -9 ------- Run | Yrd Mat Mat Maximum Alert Level . | . . . Low Security (%) 100 | 100 100 100 Level 1 . | . . . Level 2 . | . . . Level 3 . | . . . Level 4 . | . . . Level 5 . | . . . High Security . | . . . Max Security . | . . . Peak Influence 150 | . 30 150 Initial . | . . . Average 15 | . 2 20 Influence Increases 490 | . 81 409 Destroy 0b10 Robot/C 320 | . 60 260 Destroy 0b10 Robot/NC 25 | . . 25 Destroy Leader 60 | . 10 50 Successful Hack 8 | . 4 4 Destroy Structure 62 | . 7 55 Lose Combat Pursuer 15 | . . 15 Influence Decreases 490 | . 81 409 Time Decay 410 | . 71 339 Lost Part 80 | . 10 70 Squads Dispatched 1 | . . 1 Investigation . | . . . Extermination . | . . . Reinforcement 1 | . . 1 Assault . | . . . Garrison . | . . . Intercept . | . . . Searches Triggered . | . . . Construction Impeded . | . . . Haulers Reinforced . | . . . Active Scanning Responses . | . . . Cargo Convoy Interrupts . | . . . Stealth | -11 -10 -9 --------- Run | Yrd Mat Mat Distress Signals 1 | . 1 . Communications Jammed . | . . . Distress Signals . | . . . Times Spotted 20 | . 4 16 Peak Tracking Total 6 | . 3 6 Tactical Retreats 1 | . . 1 Traps | -11 -10 -9 ------- Run | Yrd Mat Mat Traps Triggered . | . . . Indirectly . | . . . Trap Hack Attempts . | . . . Triggered . | . . . Disarmed . | . . . Reprogrammed . | . . . Reused . | . . . Traps Extracted . | . . . Installed . | . . . Triggered . | . . . Machines | -11 -10 -9 ---------- Run | Yrd Mat Mat Machines Disabled . | . . . Max in Single Turn . | . . . Machines Repaired . | . . . Machines Dismantled . | . . . Machines Sabotaged . | . . . Overloaded Fab Kills . | . . . Hacking | -11 -10 -9 --------- Run | Yrd Mat Mat Machines Accessed 4 | . 2 2 Terminals 3 | . 1 2 Fabricators . | . . . Repair Stations . | . . . Recycling Units 1 | . 1 . Scanalyzers . | . . . Garrison Access . | . . . Total Hacks 18 | . 7 11 Successful 14 | . 6 8 Failed 4 | . 1 3 Catastrophic . | . . . Database Lockouts . | . . . Manual . | . . . Terminals 15 | . 4 11 Fabricators . | . . . Repair Stations . | . . . Recycling Units 3 | . 3 . Scanalyzers . | . . . Garrison Access . | . . . Terminal Hacks 11 | . 3 8 Record 5 | . . 5 Alert Level 1 | . . 1 Dispatch Records 2 | . 1 1 Hauler Manifests 2 | . 1 1 Zone Layout 1 | . 1 . Fabricator Hacks . | . . . Repair Station Hacks . | . . . Recycling Unit Hacks 3 | . 3 . Report Inventory 2 | . 2 . Retrieve Components 1 | . 1 . Scanalyzer . | . . . Garrison Access Hacks . | . . . Unauthorized Hacks . | . . . Terminals . | . . . Fabricators . | . . . Repair Stations . | . . . Recycling Units . | . . . Scanalyzers . | . . . Garrison Access . | . . . Data Cores Recovered . | . . . Used . | . . . Hacking Detections 3 | . 1 2 Full Trace Events 2 | . 1 1 Feedback Events . | . . . Feedback Blocked . | . . . Robot Schematics Acquired . | . . . Robots Built . | . . . Authchips . | . . . Time . | . . . Total Robot Build Rating . | . . . Part Schematics Acquired . | . . . Parts Built . | . . . Authchips . | . . . Time . | . . . Total Part Build Rating . | . . . Parts Repaired . | . . . Time . | . . . Parts Recycled . | . . . Recycled Matter . | . . . Retrieved Matter . | . . . Retrieved Components 1 | . 1 . Parts Scanalyzed . | . . . Part Schematics Acquired . | . . . Parts Damaged . | . . . Bothacking | -11 -10 -9 ------------ Run | Yrd Mat Mat Used RIF Installer . | . . . Robots Hacked . | . . . Non-combat . | . . . Combat . | . . . Robot Hacks Applied . | . . . Relay Couplers Released . | . . . Fabnet Peak Effective % . | . . . Robots Rewired . | . . . Allies Hacked . | . . . Hacks Repelled . | . . . Allies | -11 -10 -9 -------- Run | Yrd Mat Mat Total Allies . | . . . Largest Group . | . . . Highest-Rated Group . | . . . Highest-Rated Ally . | . . . Total Orders . | . . . Ally Attacks . | . . . Total Damage . | . . . Kills . | . . . Allies Corrupted . | . . . Allies Melted . | . . . Intel | -11 -10 -9 ------- Run | Yrd Mat Mat Active Infowar (turns) . | . . . Robot Analysis Total . | . . . Derelict Logs Recovered . | . . . Drone Launches . | . . . Drone Recoveries . | . . . Exploration | -11 -10 -9 ------------- Run | Yrd Mat Mat Turns Passed 2353 | 137 527 1689 Spaces Moved 709 | 93 263 353 Core 139 | 33 24 82 Treads 214 | 60 154 . Legs . | . . . Wheels . | . . . Hover 136 | . 19 117 Flight 220 | . 66 154 Fastest Speed 50 | 50 56 116 Average Speed 309 | 138 184 447 Slowest Speed 680 | 200 300 680 Overloaded Moves . | . . . Propulsion Burnouts . | . . . Robots Hopped . | . . . Potential Cave-ins . | . . . Cave-ins Triggered . | . . . Exploration Rate (%) 18 | 5 22 27 Regions Visited 2 Branch Regions . Pre-discovered Areas . | . . . Known Exits Taken . | . . . Unknown Exits Taken 2 | 1 1 . Scrap Searched . | . . . Spaces Dug . | . . . Terrain Destroyed 70 | . 6 64 Melee . | . . . Projectile . | . . . AOE 70 | . 6 64 Terrain Rammed . | . . . Walls Destroyed . | . . . Machines Disabled . | . . . Actions | -11 -10 -9 --------- Run | Yrd Mat Mat Total 799 | 98 285 416 Wait . | . . . Move 707 | 92 262 353 Hop . | . . . Pick Up 17 | . 5 12 Fast Attach 11 | 6 4 1 Attach 9 | . . 9 Detach 3 | . 1 2 Swap 2 | . 1 1 Drop 1 | . 1 . Fire 35 | . 10 25 Melee 13 | . . 13 Ram 1 | . 1 . Kick . | . . . Crush . | . . . Escape Stasis . | . . . Rewire . | . . . Trap . | . . . Miscellaneous . | . . . Route ------- -11/Scrapyard -10/Materials -9/Materials (discovered 1 exit: [*Mat]) History --------- Turn | Location | Event 11 | -11/Scrapyard | Discovered new exit (range 16) 138 | -11/Scrapyard | Entered Materials 301 | -10/Materials | Build established: Mutant 488 | -10/Materials | Discovered new exit (range 16) 595 | -10/Materials | Core integrity fell below 50% 641 | -10/Materials | Lost 3 parts (1p1n1w) 665 | -10/Materials | Entered another Materials area 665 | -9/Materials | Evolved 2 slots: Utility x2 962 | -9/Materials | Lost 3 parts (1p1n1w) 1266 | -9/Materials | Discovered new exit (range 16) 1999 | -9/Materials | Core integrity fell below 50% 2307 | -9/Materials | Core integrity fell below 20% 2354 | -9/Materials | Destroyed by Y-45 Defender with Beam Rifle Last Messages --------------- 02057_ U-05 Engineer builds a Door. 02058_ Acquired 3 matter. 02061_ U-05 Engineer lays Concrete. 02063_ U-05 Engineer builds a Wall. 02124_ Connecting with Recycling Unit... 02158_ Lgt. Ion Engine destroyed. 02176_ Missile Launcher destroyed. 02212_ Critical hit (Burn: +37). 02215_ The unstable cave ceiling collapses. 02223_ Y-45 Defender destroyed. 02234_ The unstable cave ceiling collapses. 02250_ Acquired 8 matter. 02258_ Missile Launcher destroyed. 02272_ U-05 Engineer builds a Wall. 02278_ The unstable cave ceiling collapses. 02286_ U-05 Engineer lays Concrete. 02294_ U-05 Engineer builds a Wall. 02298_ U-05 Engineer lays Concrete. 02299_ U-05 Engineer builds a Wall. 02303_ U-05 Engineer lays Concrete. Map ----- +----------------------------------------------------+ | +###### ???????????????????????????? | | % ###??????????????????????????????? | | #????????????????????????????????? | | #????????????????????????????????? | | #????????###?????????????????????? | | ###+####??????? ?????????????????????? | | #?? ????????? T ?????????????????????? | | #?? ????? ? ?????????????????????? | | #?? ????? ?????????????????????? | | #?? ??## """ """ ?????????????????????? | | #?? ??# """ """ ?###########?????????? | | #?? ???# """ """ ## #?????????? | | #?? ???# #?????????? | | #?? ????## # ## #?????????? | | #?? ????# #?????????? | | #??#+#????# #?????????? | | #### ##????# # ## #?????????? | | # # #??????# # #?????????? | | ## ##??######## #?????????? | | % #### ###### /# #######?????????? | | % +% # # #?????????? | | ####/###### / ## #?????????? | | # #??# # ## #?????????? | | +## # ##??# "Y" # ## #?????????? | | ## #???# """ + ## #?????????? | | T ## #???######## ##@ #?????????? | | ## #??????????# ## #?????????? | | ## #??????????# ## #?????????? | | ## #?????????## ## #?????????? | | """ ######?????????# ##Y#######?????????? | | """ #??????????????+ #?????????????? | | """ #??????????????# #?????????????? | | #??????????????# ######?????????????? | | #####??????????????######??????????????????? | | ???????????????????????????????????????????? | | ???????????????????????????????????????????? | | ???????????????????????????????????????????? | | | | | | | | | | | | | | | | | | | | | | | | | | | +----------------------------------------------------+ Best States ------------- Heat Dissipation 48 Energy Generation 10 Energy Capacity 250 Matter Stores 300 Matter Capacity 300 Sight Range 16 Terrain Scan Density 10 Resistance: KI 20 Resistance: TH 20 Resistance: EX 20 Resistance: EM 20 Resistance: I 20 Resistance: S 20 Resistance: P 20 Power Shielding 33 Weapon Shielding 66 Evasion (%) 53 Recoil Reduction 2 Salvage Targeting 1 Offensive Hacking 10 Item Schematics ----------------- None Robot Schematics ------------------ None Fabricated ------------ Nothing Repaired ---------- Nothing Alien Tech Used ----------------- None Achievements -------------- Power Corrupts Challenges ------------ None Game ------ Seed DisruptorDroneKit Manual? 0 Play Time 00:15:41 Cumulative 1.3 hours Start 2025.09.15 @ 16:15:06 End 2025.09.15 @ 16:29:51 Sessions 1 Manual Loads 0 Difficulty Adventurer Special Mode None Game No. 4 Rogue 3 Adventurer 1 Explorer 0 Win Type - Total 0 Types 0/0/0/0/0/0/0/0/0/0 Lore% 0 Gallery% 3 Achievement% 4 Wizard Run 0 Options --------- Layout 1 ASCII 0 Keyboard 1 Movement Arrows Keybinds 0 Fullscreen 2 Font 24/Smallcaps Map View 50x35 Zoom Use 0% Tactical HUD 1 Map Filters NONE Filters NONE Steam 1 RUN: bfe8356d-b3e6-4487-adcc-aa026cdbced9